Cogmind - Beta 12 @@@ ROGUE MODE // 2023.08.02 @ 22:16:00 Player: ZOT Result: Destroyed by G-34 Mercenary with Small Laser Performance ------------- Evolutions (1) 500 Regions Visited (4) 800 Robots Destroyed (49) 245 Value Destroyed (1383) 1383 Prototype IDs (2) 40 Alien Tech Used (0) 0 Bonus (97) 97 TOTAL SCORE: 3065 Bonus ------- High Alert Combat Kills 97 Cogmind --------- Core Integrity 0/400 Matter 174/300 Energy 100/100 System Corruption 0% Temperature Cool (12) Movement Core (200) Ox3 Location -9/Storage Parts ------- > --- POWER (1) -------- (None) > --- PROPULSION (3) --- (None) > --- UTILITY (3) ------ Medium Storage Unit Sensor Array > --- WEAPON (2) ------- (None) > --- INVENTORY (10) --- Light Angular Momentum Engine Improved Treads Improved Treads Improved Treads Improved Treads Aluminum Leg Large Storage Unit Signal Interpreter Beam Rifle Peak State ------------ > --- POWER ------------ Improved Ion Engine > --- PROPULSION ------- Improved Treads Wheel Wheel > --- UTILITY ---------- Improved Heat Sink Medium Storage Unit Targeting Computer > --- WEAPON ----------- Beamcaster Mini Grenade Launcher > --- INVENTORY -------- Improved Ion Engine Light Angular Momentum Engine Light Treads Light Treads Aluminum Leg Aluminum Leg Large Storage Unit Mining Laser [Rating: 19] Favorites ----------- Power Improved Ion Engine Engine Improved Ion Engine Propulsion Wheel Treads Improved Treads Leg Improved Aluminum Leg Wheel Wheel Utility Medium Storage Unit Device Improved Terrain Scanner Storage Medium Storage Unit Processor Targeting Computer Weapon Assault Rifle Energy Gun Beamcaster Ballistic Gun Assault Rifle Launcher Mini Grenade Launcher Build | -11 -10 -10 -9 -9 ------- Run | Jun Mat Min Mat Sto Slots Evolved 2 | . . . 2 . Power . | . . . . . Propulsion 1 | . . . 1 . Utility 1 | . . . 1 . Weapon . | . . . . . Parts Attached 46 | 6 2 4 17 17 Power 4 | . 1 2 . 1 Engine 4 | . 1 2 . 1 Core . | . . . . . Reactor . | . . . . . Propulsion 22 | 2 1 1 10 8 Treads 10 | 1 . . 6 3 Leg 4 | . . . . 4 Wheel 8 | 1 1 1 4 1 Hover . | . . . . . Flight . | . . . . . Utility 7 | 2 . . 4 1 Device 4 | 1 . . 2 1 Storage 2 | 1 . . 1 . Processor 1 | . . . 1 . Hackware . | . . . . . Protection . | . . . . . Artifact . | . . . . . Weapon 13 | 2 . 1 3 7 Energy Gun 4 | 1 . 1 1 1 Energy Cannon . | . . . . . Ballistic Gun 4 | 1 . . 1 2 Ballistic Cannon . | . . . . . Launcher 5 | . . . 1 4 Special Weapon . | . . . . . Impact Weapon . | . . . . . Slashing Weapon . | . . . . . Piercing Weapon . | . . . . . Special Melee Weapon . | . . . . . Unidentified Prototypes . | . . . . . Parts Lost 15 | . . . 2 13 Power 2 | . . . . 2 Propulsion 6 | . . . 1 5 Utility 3 | . . . 1 2 Weapon 4 | . . . . 4 Highest Loss Streak 7 | . . . 1 7 To Critical Strikes . | . . . . . Average Slot Usage (%) 91 | . 83 96 97 88 Engine 7 | . . 10 11 9 Treads 11 | . 14 3 13 9 Leg 4 | . . . . 12 Wheel 13 | . 12 24 17 5 Device 12 | . 14 14 9 15 Storage 11 | . 14 14 11 11 Processor 5 | . . . 11 4 Energy Gun 10 | . 14 14 11 7 Ballistic Gun 10 | . 14 14 9 8 Launcher 1 | . . . . 3 Naked Turns . | . . . . . Heaviest Build 25 | 10 10 20 25 23 Greatest Support 63 | 10 20 20 63 46 Greatest Overweight (x) 6 | . . . 2 6 Average Overweight (x) . | . . . . 1 Largest Inventory Capacity 10 | 8 8 8 10 10 Average Capacity 9 | 7 8 8 9 10 Most Carried 10 | 8 8 8 10 10 Average Carried 8 | 4 7 7 9 9 Final Capacity 10 | 8 8 8 10 10 Final Carried 10 | 8 8 8 10 9 Class Distribution -------------------- 91% | Mutant 8% | Scavenger-Mutant Dominant Class ---------------- Mutant | -10/Materials Mutant | -10/Mines Mutant | -9/Materials Mutant | -9/Storage Resources | -11 -10 -10 -9 -9 ----------- Run | Jun Mat Min Mat Sto Matter Collected 891 | 238 114 91 251 197 Remotely . | . . . . . Salvage Created 1639 | 94 114 147 673 611 Parts 107 | 8 7 3 47 42 Haulers Intercepted 1 | . . . . 1 Recyclers Shooed 4 | . 1 1 1 1 Parts Field Recycled . | . . . . . Retrieved Matter . | . . . . . Parts Self-Destructed . | . . . . . Prevented . | . . . . . Kills | -11 -10 -10 -9 -9 ------- Run | Jun Mat Min Mat Sto Combat Hostiles Destroyed 39 | . 3 1 14 21 Guns 20 | . 3 1 13 3 AOE 19 | . . . 1 18 Classes Destroyed 8 | 2 1 . 3 2 Builder 2 | . . . 1 1 Tunneler 2 | 2 . . . . Hauler 1 | . . . . 1 Recycler 3 | 1 . 1 . 1 Watcher 2 | . . . 2 . Swarmer 7 | . . . . 7 Grunt 25 | . 3 1 10 11 Sentry 7 | . . . 4 3 Best Kill Streak 9 | 2 3 1 7 9 Combat Bots Only 8 | . 3 1 7 8 Max Kills in Single Turn 5 | 1 1 1 1 5 Gunslinging . | . . . . . Exploded 4 | . . . 1 4 Melee . | . . . . . Uniques/NPCs Destroyed . | . . . . . Combat | -11 -10 -10 -9 -9 -------- Run | Jun Mat Min Mat Sto Damage Taken 2154 | . 158 . 421 1575 Core 476 | . 74 . 63 339 Absorbed by Shields . | . . . . . Regen/Repaired (Parts) 47 | . 21 . 26 . Core Remaining (%) 85 | 100 . 70 . . Volleys Fired 111 | 19 15 7 29 41 Largest 2 | 2 2 2 2 2 Hottest 115 | 70 70 70 115 70 Shots Fired 188 | 21 30 14 56 67 Gun 171 | 21 30 14 54 52 Cannon . | . . . . . Launcher 17 | . . . 2 15 Special . | . . . . . Kinetic 95 | 19 15 7 22 32 Thermal 53 | 2 15 7 28 1 Explosive 17 | . . . 2 15 Electromagnetic 23 | . . . 4 19 Robot Hit Streak 11 | 6 11 3 11 7 Robot Miss Streak 6 | 3 6 4 3 3 Penetration Max . | . . . . . Secondary Targets 2 | . . . 2 . Max Gunslinging Chain 1 | . . . 1 . Shots Hit Robots 115 | 14 18 5 34 44 Core Hits 78 | 4 7 3 21 43 Critical Kills . | . . . . . Critical Parts Destroyed 3 | . 1 . . 2 Critical Strikes 5 | . 1 1 1 2 Burn 2 | . . 1 1 . Destroy 3 | . 1 . . 2 Melee Attacks . | . . . . . Impact . | . . . . . Slashing . | . . . . . Piercing . | . . . . . Sneak Attacks . | . . . . . Combat Hostiles . | . . . . . Follow-up Attacks . | . . . . . Damage Inflicted 3288 | 183 227 62 836 1980 Guns 1616 | 183 227 62 707 437 Cannons . | . . . . . Explosions 1666 | . . . 129 1537 Melee . | . . . . . Ramming 6 | . . . . 6 Kinetic 708 | 170 116 24 171 227 Thermal 788 | 13 111 38 563 63 Explosive 1566 | . . . 92 1474 Electromagnetic 220 | . . . 10 210 Impact . | . . . . . Slashing . | . . . . . Piercing . | . . . . . Highest Corruption . | . . . . . Average Corruption . | . . . . . Corruption Purged . | . . . . . Corruption Blocked . | . . . . . Overload Shots . | . . . . . Overflow Damage 64 | . . . . 64 Projectiles . | . . . . . Explosions 64 | . . . . 64 Melee . | . . . . . Knockbacks . | . . . . . Impact . | . . . . . Kinetic . | . . . . . Secondary . | . . . . . Self-Inflicted Damage 139 | . . . . 139 Shots 4 | . . . . 4 Rammed . | . . . . . Targets Rammed 1 | . . . . 1 Kicked 1 | . . . . 1 Crushed . | . . . . . Highest Temperature 390 | . 16 24 390 22 Average Temperature 93 | . 7 11 139 8 Received Heat Transfer 1038 | . 84 . 207 747 Effects 1 | . . . 1 . Short Circuit 1 | . . . 1 . Siege Activations . | . . . . . Robots Corrupted . | . . . . . Combat Hostiles . | . . . . . Parts Fried . | . . . . . Impact Corruptions . | . . . . . Robots Melted . | . . . . . Combat Hostiles . | . . . . . Parts Melted 3 | . . 1 2 . Heat Transferred 1704 | 37 333 185 1049 100 Parts Sabotaged . | . . . . . Parts Stolen . | . . . . . Parts Stripped . | . . . . . Power Chain Reactions 2 | . . . 1 1 Missiles Intercepted . | . . . . . Alert | -11 -10 -10 -9 -9 ------- Run | Jun Mat Min Mat Sto Peak Influence 724 | 15 168 100 431 724 Initial 102 | . 9 65 39 102 Average 204 | 6 102 82 167 397 Maximum Alert Level 3 | . . . 2 3 Low Security (%) 65 | 100 100 100 60 29 Level 1 21 | . . . 38 26 Level 2 9 | . . . 1 31 Level 3 3 | . . . . 12 Level 4 . | . . . . . Level 5 . | . . . . . High Security . | . . . . . Max Security . | . . . . . Squads Dispatched 9 | . 2 . 2 5 Investigation 3 | . 1 . 1 1 Extermination . | . . . . . Reinforcement 3 | . 1 . 1 1 Assault . | . . . . . Garrison 3 | . . . . 3 Intercept . | . . . . . Searches Triggered . | . . . . . Construction Impeded . | . . . . . Haulers Reinforced . | . . . . . Active Scanning Responses . | . . . . . Cargo Convoy Interrupts . | . . . . . Stealth | -11 -10 -10 -9 -9 --------- Run | Jun Mat Min Mat Sto Distress Signals 5 | . 1 . 1 3 Communications Jammed . | . . . . . Distress Signals . | . . . . . Times Spotted 64 | . 12 2 17 33 Peak Tracking Total 10 | . 6 2 4 10 Tactical Retreats 2 | . 1 . . 1 Traps | -11 -10 -10 -9 -9 ------- Run | Jun Mat Min Mat Sto Traps Triggered . | . . . . . Indirectly . | . . . . . Trap Hack Attempts . | . . . . . Triggered . | . . . . . Disarmed . | . . . . . Reprogrammed . | . . . . . Reused . | . . . . . Traps Extracted . | . . . . . Installed . | . . . . . Triggered . | . . . . . Machines | -11 -10 -10 -9 -9 ---------- Run | Jun Mat Min Mat Sto Machines Disabled 2 | . . . . 2 Max in Single Turn 2 | . . . . 2 Machines Repaired . | . . . . . Machines Sabotaged . | . . . . . Overloaded Fab Kills . | . . . . . Hacking | -11 -10 -10 -9 -9 --------- Run | Jun Mat Min Mat Sto Machines Accessed 12 | . 3 . 5 4 Terminals 7 | . 2 . 2 3 Fabricators . | . . . . . Repair Stations 2 | . 1 . 1 . Recycling Units 1 | . . . 1 . Scanalyzers 1 | . . . 1 . Garrison Access 1 | . . . . 1 Total Hacks 35 | . 8 . 15 12 Successful 19 | . 5 . 8 6 Failed 16 | . 3 . 7 6 Catastrophic 3 | . 1 . 1 1 Database Lockouts . | . . . . . Manual 5 | . 1 . 1 3 Terminals 20 | . 5 . 5 10 Fabricators . | . . . . . Repair Stations 11 | . 3 . 8 . Recycling Units 1 | . . . 1 . Scanalyzers 1 | . . . 1 . Garrison Access 2 | . . . . 2 Terminal Hacks 12 | . 3 . 3 6 Prototype ID Bank 1 | . . . 1 . Level Access Points 1 | . . . . 1 Branch Access Points 1 | . . . . 1 Alert Level 3 | . 1 . . 2 Locate Traps 1 | . . . . 1 Maintenance Status 1 | . . . 1 . Zone Layout 4 | . 2 . 1 1 Fabricator Hacks . | . . . . . Repair Station Hacks 7 | . 2 . 5 . Scan Component 4 | . 1 . 3 . Repair 3 | . 1 . 2 . Recycling Unit Hacks . | . . . . . Scanalyzer . | . . . . . Garrison Access Hacks . | . . . . . Unauthorized Hacks . | . . . . . Terminals . | . . . . . Fabricators . | . . . . . Repair Stations . | . . . . . Recycling Units . | . . . . . Scanalyzers . | . . . . . Garrison Access . | . . . . . Data Cores Recovered . | . . . . . Used . | . . . . . Hacking Detections 11 | . 3 . 5 3 Full Trace Events 3 | . 1 . 1 1 Feedback Events . | . . . . . Feedback Blocked . | . . . . . Robot Schematics Acquired . | . . . . . Robots Built . | . . . . . Authchips . | . . . . . Time . | . . . . . Total Robot Build Rating . | . . . . . Part Schematics Acquired . | . . . . . Parts Built . | . . . . . Authchips . | . . . . . Time . | . . . . . Total Part Build Rating . | . . . . . Parts Repaired 3 | . 1 . 2 . Time 90 | . 26 . 64 . Parts Recycled . | . . . . . Recycled Matter . | . . . . . Retrieved Matter . | . . . . . Retrieved Components . | . . . . . Parts Scanalyzed . | . . . . . Part Schematics Acquired . | . . . . . Parts Damaged . | . . . . . Bothacking | -11 -10 -10 -9 -9 ------------ Run | Jun Mat Min Mat Sto Used RIF Installer . | . . . . . Robots Hacked . | . . . . . Non-combat . | . . . . . Combat . | . . . . . Robot Hacks Applied . | . . . . . Relay Couplers Released . | . . . . . Fabnet Peak Effective % . | . . . . . Robots Rewired . | . . . . . Allies Hacked . | . . . . . Hacks Repelled . | . . . . . Allies | -11 -10 -10 -9 -9 -------- Run | Jun Mat Min Mat Sto Total Allies . | . . . . . Largest Group . | . . . . . Highest-Rated Group . | . . . . . Highest-Rated Ally . | . . . . . Total Orders . | . . . . . Ally Attacks . | . . . . . Total Damage . | . . . . . Kills . | . . . . . Allies Corrupted . | . . . . . Allies Melted . | . . . . . Intel | -11 -10 -10 -9 -9 ------- Run | Jun Mat Min Mat Sto Robot Analysis Total . | . . . . . Derelict Logs Recovered . | . . . . . Drone Launches . | . . . . . Drone Recoveries . | . . . . . Exploration | -11 -10 -10 -9 -9 ------------- Run | Jun Mat Min Mat Sto Turns Passed 1223 | 92 263 78 427 363 Spaces Moved 601 | 40 106 47 245 163 Core 10 | 2 . . . 8 Treads 58 | . 23 . 11 24 Legs 45 | . . . . 45 Wheels 488 | 38 83 47 234 86 Hover . | . . . . . Flight . | . . . . . Fastest Speed 50 | 50 80 80 80 95 Average Speed 102 | 78 97 80 93 130 Slowest Speed 350 | 80 160 80 240 350 Overloaded Moves . | . . . . . Propulsion Burnouts . | . . . . . Robots Hopped . | . . . . . Cave-ins Triggered . | . . . . . Exploration Rate (%) 19 | 4 27 14 18 36 Regions Visited 4 Branch Regions 2 Pre-discovered Areas . | . . . . . Known Exits Taken . | . . . . . Unknown Exits Taken 4 | 1 1 1 1 . Scrap Searched . | . . . . . Spaces Dug . | . . . . . Terrain Destroyed 94 | . . . 21 73 Melee . | . . . . . Projectile . | . . . . . AOE 94 | . . . 21 73 Terrain Rammed . | . . . . . Walls Destroyed . | . . . . . Machines Disabled . | . . . . . Actions | -11 -10 -10 -9 -9 --------- Run | Jun Mat Min Mat Sto Total 1017 | 78 236 73 383 247 Wait 212 | . 111 10 81 10 Move 597 | 39 105 46 244 163 Hop . | . . . . . Pick Up 33 | 13 1 3 7 9 Fast Attach 7 | 2 1 . 3 1 Attach 17 | 4 1 1 4 7 Detach 3 | . 1 . 1 1 Swap 22 | . . 3 10 9 Drop 14 | 1 1 3 4 5 Fire 111 | 19 15 7 29 41 Melee . | . . . . . Ram . | . . . . . Kick 1 | . . . . 1 Crush . | . . . . . Escape Stasis . | . . . . . Rewire . | . . . . . Trap . | . . . . . Miscellaneous . | . . . . . Route ------- -11/Junkyard -10/Materials -10/Mines -9/Materials -9/Storage (discovered 2 exits: Mat / Rec) History --------- Turn | Location | Event 50 | -11/Junkyard | Discovered new exit (range 16) 93 | -11/Junkyard | Entered Materials 309 | -10/Materials | Build established: Mutant 312 | -10/Materials | Repaired Wheel 344 | -10/Materials | Discovered new exit (range 10) 356 | -10/Materials | Entered Mines 365 | -10/Mines | Joined a pair of Derelicts in attacking an 0b10 outpost 415 | -10/Mines | Discovered new exit (range 11) 434 | -10/Mines | Entered Materials 434 | -9/Materials | Evolved 2 slots: Propulsion x1, Utility x1 691 | -9/Materials | Repaired Imp. Terrain Scanner 717 | -9/Materials | Repaired Wheel 811 | -9/Materials | Destroyed 7 combat bots 827 | -9/Materials | Discovered new exit (range 10) 861 | -9/Materials | Entered Storage 863 | -9/Storage | Identified exit to Recycling 1013 | -9/Storage | Garrison activated, responded to threat 1086 | -9/Storage | Destroyed 8 combat bots 1091 | -9/Storage | Lost 6 parts (1p2n1u2w) 1160 | -9/Storage | Identified exit to Materials 1187 | -9/Storage | Core integrity fell below 50% 1219 | -9/Storage | Core integrity fell below 20% 1224 | -9/Storage | Destroyed by G-34 Mercenary with Small Laser Last Messages --------------- 01174_ Critical hit (Burn: +37). 01176_ Destroyed Aluminum Leg. 01177_ Wheel destroyed. 01178_ Destroyed Ion Engine. 01180_ Aluminum Leg destroyed. 01181_ G-34 Mercenary destroyed. 01185_ K-01 Serf collects debris. 01188_ K-01 Serf cleans the Garrison Access. 01192_ K-01 Serf collects debris. 01198_ Critical hit (Burn: +37). 01201_ K-01 Serf collects debris. 01204_ Aluminum Leg destroyed. 01206_ K-01 Serf collects debris. 01207_ Imp. Ion Engine destroyed. 01210_ Mni. Grenade Launcher destroyed. 01213_ G-34 Mercenary emerges from the garrison. 01217_ Imp. Heat Sink destroyed. 01218_ R-06 Scavenger collects Lgt. Ion Engine. 01221_ R-06 Scavenger collects Lgt. Assault Rifle. 01223_ Lgt. Assault Rifle destroyed. Map ----- +----------------------------------------------------+ | | | | | | | | | | | | | ???????????????????????????????????? | | ???????????????????????????????????? | | ???????????????????????????????????? | | ???????????????????????????????????? | | ???????????????????????????????????? | | ???????????????????????????????????? | | ???????????????????????????????????? | | ???????????????????????????????????? | | ????? ?????????????????????????????? | | ????# ?????????????????????????????? | | ???? ?????????????????????????????? | | ???? [?????????????????????????????? | | ???? ?????????????????????????????? | | ????# ?????????????????????????????? | | ????# #######""" ! # ##????????? | | ????# #?????#""" # ##????????? | | ????# #?????#""" + ##????????? | | ???# #?????#""" # ##????????? | | ???# ####""" # ##????????? | | ???# Y @ gg # #?????????? | | ???# g + #?????????? | | ???# #######+###????????? | | ???# w + ????????? | | ???## # ""????????? | | ????# gg""" # R????????? | | ????#!! G" + ""????????? | | ????#!! """ a#####^ ????????? | | ????# #???# """ ????????? | | ????# [ k#???# """ ????????? | | ????#######T## #???#= """ ????????? | | ??????????####k#???# ????????? | | ????########## ###?###"T"# ????????? | | ??### [# ##??#"""######????? | | ??#"" # #??### #####? | | ??#"T #???# #? | | ??#"" """ == #???# #? | | ??### """ #??## #? | | ????# """ #??# ! ###### | | ????# """ # ##?##"" = [ ] | | ????# """ # #??# T *# | | ????# # #??## #* * | | ????######## # #???# # # | | ????########## #???# % ! [ [ | | ????##!!!!" # ##### [ | +----------------------------------------------------+ Best States ------------- Heat Dissipation 42 Energy Generation 12 Energy Capacity 265 Matter Stores 300 Matter Capacity 300 Sight Range 16 Robot Scan Range 14 Terrain Scan Range 16 Terrain Scan Density 10 Evasion (%) 55 Targeting Accuracy 5 Recoil Reduction 3 Item Schematics ----------------- None Robot Schematics ------------------ None Fabricated ------------ Nothing Alien Tech Used ----------------- None Achievements -------------- None Challenges ------------ None Game ------ Seed BattleCannonGravjet Manual? 0 Play Time 00:27:48 Cumulative 76.5 hours Start 2023.08.02 @ 21:47:12 End 2023.08.02 @ 22:16:00 Sessions 1 Manual Loads 0 Difficulty Rogue Special Mode None Game No. 98 Rogue 98 Adventurer 0 Explorer 0 Win Type - Total 0 Types 0/0/0/0/0/0/0/0/0 Lore% 27 Gallery% 41 Achievement% 28 Wizard Run 0 Options --------- ASCII 0 Keyboard 0 Movement Mouse Keybinds 0 Fullscreen 1 Font 24/Smallcaps Map View 76x50 Tactical HUD 1 Map Filters NONE Filters NONE Steam 1 RUN: f4dbca91-e3e2-46c4-8718-16e0bd84303c